 Dungeon Crawl Stone Soup version 0.28.0-1-gb440e238dd (webtiles) character file.

Game seed: 1860113884918156291

259 Morbidden the Skirmisher (level 5, -1/39 (42) HPs)
             Began as a Demonspawn Fighter on Feb 20, 2022.
             Slain by a wight (5 damage)
             ... on level 4 of the Dungeon.
             The game lasted 00:02:13 (3994 turns).

Morbidden the Skirmisher (Demonspawn Fighter)       Turns: 3994, Time: 00:02:13

HP:   -1/39 (42)    AC: 10    Str: 18    XL:     5   Next: 94%
MP:   5/5           EV:  9    Int: 10    God:
Gold: 95            SH:  4    Dex: 12    Spells: 4/4 levels left

rFire   . . .      SeeInvis .   e - +1 short sword (elec)
rCold   . . .      Faith    .   c - +0 buckler
rNeg    . . .      Spirit   .   b - +0 scale mail
rPois   .          Reflect  .   (no helmet)
rElec   .          Harm     .   o - +0 cloak
rCorr   .          Rampage  .   (no gloves)
Will    .....                   (boots unavailable)
Stlth   ..........              (no amulet)
HPRegen 0.13/turn               (no ring)
MPRegen 0.09/turn               (no ring)

@: drained
A: hooves 3, thin metallic scales 1
a: no special abilities


You were on level 4 of the Dungeon.
You visited 1 branch of the dungeon, and saw 4 of its levels.

You collected 95 gold pieces.

Inventory:

Hand Weapons
 a - a +0 war axe
 e - a +1 short sword of electrocution (weapon)
 i - a +3 dagger
Armour
 b - a +0 scale mail (worn)
 c - a +0 buckler (worn)
 o - a +0 cloak (worn)
Scrolls
 f - 4 scrolls of teleportation {unknown}
 h - a scroll of fog {unknown}
 j - a scroll of fear {unknown}
 l - a scroll of identify {unknown}
 m - a scroll of immolation {unknown}
 n - a scroll of torment {unknown}
Potions
 d - a potion of might
 g - a potion of berserk rage {unknown}
 k - a potion of heal wounds {unknown}


   Skills:
 * Level 4.0 Fighting
 + Level 2.0 Short Blades
 - Level 2.2 Axes
 + Level 3.8 Armour
 * Level 1.7 Dodging
 + Level 0.6 Stealth
 + Level 3.2 Shields


You had 4 spell levels left.
You didn't know any spells.
Your spell library contained the following spells:

 Spells                   Type           Power      Damage    Failure   Level
 Magic Dart               Conj           0%         1d3       83%         1
 Searing Ray              Conj           0%         2d4       93%         2
 Conjure Flame            Conj/Fire      0%         6-21      99%         3
 Ignite Poison            Fire/Tmut/Pois 0%         N/A       99%         3
 Fulminant Prism          Conj/Hex       0%         3d6       100%        4
 Sticky Flame             Conj/Fire      0%         2d3       100%        4


Dungeon Overview and Level Annotations

Branches:
Dungeon (4/15)
 Temple: D:4-7

Altars:
Dithmenos
Qazlal
Wu Jian
Yredelemnul

Shops:
D:1 [


Innate Abilities, Weirdness & Mutations

You have hooves in place of feet.
You are partially covered in thin metallic scales. (AC +2)


Message History

You feel drained. The wight hits you with a +4 war axe.
You feel drained. The wight hits you but does no damage.
You closely miss the wight. You kick the wight.
The wight is almost destroyed.
The wight barely misses you. You block the wight's attack.
An orc comes into view. It is wielding a +0 mace.
The wight closely misses you.
The orc shouts!
You hit the wight but do no damage. Your kick misses the wight.
The wight is almost destroyed.
The wight hits you with a +3 dire flail.
The wight hits you with a +4 war axe.
You feel drained. The wight barely misses you.
You hit the wight. Lightning courses through the wight!
You destroy the wight!
The wight hits you from afar with a +0 trident!
You feel drained.
Your Fighting skill increases to level 4!
Your Short Blades skill increases to level 2!
You are too injured to fight recklessly!
You are too injured to fight recklessly!
You are too injured to fight recklessly!
You are too injured to fight recklessly!
You are too injured to fight recklessly!
You are too injured to fight recklessly!
You are too injured to fight recklessly!
You are too injured to fight recklessly!
You are too injured to fight recklessly!
You are too injured to fight recklessly!
You are too injured to fight recklessly!
You are too injured to fight recklessly!
You are too injured to fight recklessly!
Unknown command.
The wight closely misses you.
You barely miss the wight. You kick the wight.
The wight is moderately damaged.
The wight hits you with a +3 dire flail!
* * * LOW HITPOINT WARNING * * *
You feel drained.
You die...

#.### ...
#...# .o..
#.<###.....
#..)o......
##..#.....
##z# #o..
#z# .. #z#
#@# #.# #..
##.. ...
.... .....
......


You could see 3 wights and an orc.

Vanquished Creatures
  An ogre (D:3)
  A wight (D:4)
  An orc priest (D:4)
  2 adders
  5 worms
  A dart slug (D:2)
  6 orcs
  6 bats
  2 endoplasms (D:3)
  4 giant cockroaches
  7 goblins
  3 hobgoblins
  4 jackals (D:2)
  2 kobolds (D:2)
  3 quokkas
  2 ball pythons
  5 frilled lizards
  4 rats
  2 bushes (D:2)
61 creatures vanquished.

Vanquished Creatures (others)
  8 plants (D:2)
8 creatures vanquished.

Grand Total: 69 creatures vanquished

Notes
Turn   | Place    | Note
-------+----------+-------------------------------------------
     0 | D:1      | Morbidden the Demonspawn Fighter began the quest for the
                  | Orb.
     0 | D:1      | Reached XP level 1. HP: 18/18 MP: 1/1
    14 | D:1      | Found Gic Boja's Armour Shop.
   151 | D:1      | Gained mutation: You have large cloven feet. [demonic
                  | ancestry]
   151 | D:1      | Reached XP level 2. HP: 19/24 MP: 2/2
   452 | D:1      | Found a faded altar of an unknown god.
   927 | D:2      | Gained mutation: You are partially covered in thin metallic
                  | scales. (AC +2) [demonic ancestry]
   927 | D:2      | Reached XP level 3. HP: 29/29 MP: 3/3
   947 | D:2      | HP: 1/43 [worm (6)]
  2250 | D:3      | Found a large runed translucent door.
  2251 | D:3      | Found a large runed translucent door.
  2459 | D:3      | Gained mutation: You have hoof-like feet. [demonic
                  | ancestry]
  2459 | D:3      | Reached XP level 4. HP: 12/35 MP: 4/4
  3379 | D:3      | Found a stormy altar of Qazlal.
  3379 | D:3      | Found a basalt altar of Yredelemnul.
  3568 | D:3      | Found an ornate altar of the Wu Jian Council.
  3572 | D:3      | Found a shadowy altar of Dithmenos.
  3572 | D:3      | Noticed an ogre
  3577 | D:3      | Killed an ogre
  3578 | D:3      | Reached skill level 1 in Short Blades
  3578 | D:3      | Reached skill level 1 in Dodging
  3578 | D:3      | Gained mutation: You have hooves in place of feet. [demonic
                  | ancestry]
  3578 | D:3      | Reached XP level 5. HP: 8/42 MP: 5/5
  3990 | D:4      | Reached skill level 4 in Fighting
  3994 | D:4      | Slain by a wight

Illustrated notes

Levels and vault maps discovered:
D:1:      lemuel_arrival_cross, layout_rooms, serial_shops, shop,
          chequers_ecumenical_altar_island
D:2:      layout_basic, serial_forest, infiniplex_forest_clump_double,
          infiniplex_forest_lined_3, infiniplex_forest_end_double,
          infiniplex_forest_lined_4_way, infiniplex_forest_straight_4,
          infiniplex_forest_clump_small, infiniplex_forest_pool,
          infiniplex_forest_lined_corner
D:3:      layout_loops_corners, jmf_multi_god_temple2,
          gammafunk_temple_overflow_wave, grunt_decor_junction
D:4:      layout_rooms, nicolae_hepliaklqana_ecumenical_no_more, uniq_menkaure,
          uniq_natasha

Skill      XL: |  1  2  3  4  5 |
---------------+----------------+-----
Axes           | 2 |  2.2
Armour         | 3 |  3.8
Shields        | 3 |  3.2
Short Blades   | 1 2 |  2.0
Dodging        | 1 |  1.7
Fighting       | 4 |  4.0
Stealth        | |  0.6

Action                   |  1- 3 |  4- 6 || total
-------------------------+-------+-------++-------
Melee: War axe           |    66 |       ||    66
       Kick              |    33 |    17 ||    50
       Short sword       |    80 |    59 ||   139
  Use: Potion            |     1 |       ||     1
Armor: Scale mail        |    53 |    22 ||    75
       Skin              |     1 |       ||     1
Dodge: Dodged            |    46 |    16 ||    62
Block: Buckler           |    22 |     8 ||    30
